cohdb
Replays
Latest Replays
All Replays
Popular Replays
Top Player Replays
Match Explorer
How It Works
Community
CoH3 Stats
Reddit
Sign in to upload your games and track your stats! →
Sign in with Steam
Match 43517231
Unlisted
Match 43517231
Overview
Messages
Build Orders
End
Kradschützen Motorcycle Team
Panzergrenadier Squad
Panzergrenadier Squad
Construct Light Support Kompanie
Panzerjäger Squad
Fire Support Elements
Selects Armored Support Battlegroup
Selects Armored Support Battlegroup
Selects Salvage Kits
Panzergrenadier Squad
Flakvierling Half-track
Assault Mechanized Group
Selects Superior Fire Drills
Pak 38 Anti-tank Gun Team
Construct Mechanized Kompanie
Veteran Squad Leaders
254 Reconnaissance Tractor
Selects Panzer Storm
Construct Panzerarmee Kommand
Panzerjäger Mechanized Group
2.5-tonne Medical Truck
Brother
aion907(ROK)
0
0
Comments
sign in to comment!
No comments posted yet!